 Dungeon Crawl Stone Soup version 0.23.0 (webtiles) character file.

Game seed: 11753334582176737309

77 Monsterracer the Covered (level 4, -4/38 HPs)
             Began as a Hill Orc Wanderer on Feb 11, 2019.
             Slain by a centaur (7 damage)
             ... on level 2 of the Dungeon.
             The game lasted 00:01:29 (1825 turns).

Monsterracer the Covered (Hill Orc Wanderer)        Turns: 1825, Time: 00:01:30

Health: -4/38      AC:  6    Str: 14    XL:     4   Next: 34%
Magic:  4/4        EV: 10    Int: 11    God:
Gold:   19         SH:  0    Dex: 12    Spells: 3/3 levels left

rFire    . . .     SeeInvis .   a - +0 war axe
rCold    . . .     Gourm    .   (no shield)
rNeg     . . .     Faith    .   f - +0 ring mail
rPois    .         Spirit   .   (no helmet)
rElec    .         Reflect  .   (no cloak)
rCorr    .         Harm     .   (no gloves)
MR       .....                  (no boots)
Stlth    +.........             (no amulet)
HPRegen  0.12/turn              (no ring)
MPRegen  0.09/turn              (no ring)

@: no status effects
A: no striking features
a: no special abilities


You were on level 2 of the Dungeon.
You were not hungry.

You visited 1 branch of the dungeon, and saw 2 of its levels.

You collected 19 gold pieces.

Inventory:

Hand Weapons
 a - a +0 war axe (weapon)
Armour
 f - a +0 ring mail (worn)
Scrolls
 e - 4 scrolls of remove curse {unknown}
 h - 3 scrolls of teleportation {unknown}
 j - 5 scrolls of identify {unknown}
Potions
 b - a potion of curing
 d - a potion of heal wounds
 g - a potion of flight {unknown}
 k - a potion of agility {unknown}
Comestibles
 c - a ration


   Skills:
 - Level 3.0 Fighting
 + Level 3.1 Axes
   Level 1.7 Crossbows
 - Level 4.7 Armour
 - Level 1.1 Dodging
 - Level 1.0 Stealth
   Level 1.1 Shields


You had 3 spell levels left.
You didn't know any spells.
Your spell library was empty.

Dungeon Overview and Level Annotations

Branches:
Dungeon (2/15)

Altars:

Annotations:
D:2 Terence


Message History

The adder is almost dead.
The adder barely misses you. The adder bites you.
You are poisoned.
The adder poisons you!
You take 1 damage, and have 37/38 hp.
You closely miss the adder.
The adder is severely wounded.
You feel sick. The adder barely misses you.
The adder bites you but does no damage.
You take 1 damage, and have 36/38 hp.
You hit the adder.
You kill the adder!
Your Axes skill increases to level 3!
You feel sick.
You feel sick.
You feel sick.
You feel sick.
You feel sick.
You feel sick.
You feel sick.
You are no longer poisoned.
As you open the door, it creaks loudly!
There is an open door here.
h - 3 scrolls labeled KAYME TOO (gained 1)
You open the door.
Found a stone staircase leading down.
Health restored: 38
There is an open door here.
There is a stone staircase leading down here.
You open the door.
A goblin comes into view.
The goblin shouts!
A goblin is nearby!
A centaur comes into view.
The centaur shouts!
The centaur wields a +0 shortbow.
The centaur shoots an arrow.
The arrow barely misses you.
There is an open door here.
You see here an arrow.
There are monsters nearby!
The goblin hits you but does no damage.
You hit the goblin.
The goblin is moderately wounded.
The goblin hits you but does no damage. The goblin hits you.
You take 4 damage, and have 34/38 hp.
There are monsters nearby!
You closely miss the goblin.
The centaur unwields a +0 shortbow.
The centaur hits you. The goblin barely misses you.
You take 1 damage, and have 33/38 hp.
You completely miss the centaur. You hit the goblin. The centaur hits you.
The goblin barely misses you. The centaur hits you!
You take 13 damage, and have 20/38 hp.
MASSIVE DAMAGE!!
You closely miss the centaur.
Your ring mail prevents you from hitting the goblin.
The centaur hits you.
* * * LOW HITPOINT WARNING * * *
The goblin hits you.
* * * LOW HITPOINT WARNING * * *
The centaur closely misses you.
You take 7 damage, and have 13/38 hp.
Unknown command.
You hit the centaur.
The centaur is moderately wounded.
You barely miss the goblin. The goblin hits you but does no damage.
The centaur hits you but does no damage.
The goblin barely misses you. The centaur barely misses you.
You hit the centaur.
The centaur is moderately wounded.
You barely miss the goblin. The centaur hits you!
* * * LOW HITPOINT WARNING * * *
The goblin barely misses you. The centaur misses you.
You take 7 damage, and have 6/38 hp.
Unknown command.
Fire/throw which item? (* to show all) (? for menu, Esc to quit)
Really fire
i - a throwing net {!f}?
Fire/throw which item? (* to show all) (? for menu, Esc to quit)
Really fire
i - a throwing net {!f}?
Throwing (i - inventory)
i - a throwing net (quivered)
{!f}
Press: ? - help, Shift-Dir - straight line, f - centaur
Aim: a centaur (moderately wounded)
You throw a throwing net {!f}. The throwing net {!f} hits the centaur.
The centaur is caught in the net!
The centaur is moderately wounded.
The centaur struggles against the net.
The goblin barely misses you.
You hit the centaur.
The centaur is heavily wounded.
You barely miss the goblin.
The centaur struggles against the net.
The goblin hits you.
* * * LOW HITPOINT WARNING * * *
The centaur struggles against the net.
The net rips apart, and the centaur comes free!
The goblin hits you.
* * * LOW HITPOINT WARNING * * *
You take 4 damage, and have 2/38 hp.
You completely miss the centaur.
The centaur is heavily wounded.
You hit the goblin.
You kill the goblin!
The centaur completely misses you. The centaur hits you!
You die...

# #.#.#####........#
########.#...###........#
...............'>.......#
#.######.....###........#
#.# ####### #........#
#.##### #.########
#.....# #.# ......#
#####(### ......#
#....@..# .....##
#....†c.# .....#
#.......# .....#
#.......# .....#
#.......# .....#
#.......# ######
#.......# #.......#


You could see a centaur.

Vanquished Creatures
  3 adders
  An ooze (D:1)
  2 leopard geckos (D:1)
  3 giant cockroaches
  5 hobgoblins (D:1)
  4 jackals (D:1)
  A quokka (D:2)
  6 bats
  3 frilled lizards
  6 goblins
  6 kobolds
  3 rats (D:1)
43 creatures vanquished.

Notes
Turn   | Place    | Note
-------+----------+-------------------------------------------
     0 | D:1      | Monsterracer the Hill Orc Wanderer began the quest for the
                  | Orb.
     0 | D:1      | Monsterracer set off with the following items: a +2 dagger,
                  | a potion of curing, a ration, a potion of heal wounds, a +0
                  | ring mail
     0 | D:1      | Reached XP level 1. HP: 16/16 MP: 1/1
   136 | D:1      | Reached XP level 2. HP: 24/24 MP: 2/2
   393 | D:1      | Reached XP level 3. HP: 30/30 MP: 3/3
   621 | D:1      | Reached skill level 1 in Dodging
  1057 | D:2      | Noticed Terence
  1333 | D:1      | HP: 13/31 [adder (4)]
  1337 | D:1      | HP: 6/31 [adder (3)]
  1589 | D:2      | Reached XP level 4. HP: 36/38 MP: 4/4
  1815 | D:2      | Noticed a centaur
  1820 | D:2      | HP: 14/38 [centaur (6)]
  1822 | D:2      | HP: 6/38 [centaur (7)]
  1824 | D:2      | HP: 2/38 [goblin (2)]
  1825 | D:2      | Slain by a centaur

Skill      XL: |  1  2  3  4 |
---------------+-------------+-----
Fighting       | 2 3 |  3.0
Dodging        | 1 |  1.1
Axes           | 2 3 |  3.1
Crossbows      | |  1.7
Armour         | |  4.7
Stealth        | |  1.0
Shields        | |  1.1

Action                   |  1- 3 |  4- 6 || total
-------------------------+-------+-------++-------
Melee: Dagger            |   143 |       ||   143
       War axe           |    33 |    21 ||    54
Throw: Throwing net      |       |     1 ||     1
  Eat: Chunk             |     2 |     1 ||     3
Armor: Ring mail         |   104 |     9 ||   113
Dodge: Dodged            |   115 |    22 ||   137

Levels and vault maps discovered:
D:1:      psy_arrival_radial02, layout_basic, kennysheep_nondescript
D:2:      layout_basic, chequers_ecumenical_altar_simple, uniq_terence
